 Dungeon Crawl Stone Soup version 0.26-a0-597-gb535b0901c (webtiles) character file.

Game seed: 14383031042022689566

(classic levelgen) 17598 EnegeticOcto the Cleaver (level 12, -13/110 HPs)
             Began as a Deep Dwarf Fighter on Aug 25, 2020.
             Was a Follower of Uskayaw.
             Killed from afar by a fire giant (31 damage)
             ... with a bolt of fire
             ... on level 15 of the Dungeon.
             The game lasted 00:06:48 (8123 turns).

EnegeticOcto the Cleaver (Deep Dwarf Fighter)       Turns: 8123, Time: 00:06:48

Health: -13/110    AC: 19    Str: 24    XL:     12   Next: 20%
Magic:  19/19 (1)  EV:  6    Int: 10    God:    Uskayaw [*.....]
Gold:   779        SH: 12    Dex: 14    Spells: 11/11 levels left

rFire    . . .     SeeInvis .   a - +1 broad axe (venom)
rCold    . . .     Faith    .   c - +0 kite shield
rNeg     . . .     Spirit   .   u - +0 plate armour
rPois    +         Reflect  .   (no helmet)
rElec    .         Harm     .   r - +1 cloak
rCorr    .                      h - +0 pair of gloves (curse)
MR       +....                  e - +0 pair of boots
Stlth    ..........             (no amulet)
HPRegen  0.00/turn              i - ring of magical power
MPRegen  0.16/turn              G - ring of magical power

@: non-regenerating
A: damage resistance, heal wounds, fangs 1, thin skeletal structure 1, sense
surroundings 2, poison resistance, evolution 1, no regeneration
a: Heal Wounds, Stomp, Renounce Religion


You were on level 15 of the Dungeon.
You worshipped Uskayaw.
Uskayaw was aware of your devotion.
You visited 2 branches of the dungeon, and saw 14 of its levels.
You also visited: Sewer.

You collected 779 gold pieces.

Inventory:

Hand Weapons
 a - a +1 broad axe of venom (weapon)
 E - a +2 scimitar of flaming
Missiles
 B - 2 throwing nets (quivered)
Armour
 b - a +0 scale mail
 c - a +0 kite shield (worn)
 e - a +0 pair of boots (worn)
 h - a cursed +0 pair of gloves (worn)
 r - a +1 cloak (worn)
 u - a +0 plate armour (worn)
Jewellery
 i - a ring of magical power (left hand)
 k - an uncursed ring of protection from magic
 x - a +6 ring of strength
 G - a ring of magical power (right hand)
 K - an uncursed ring of resist corrosion
Wands
 o - a wand of polymorph (12)
 s - a wand of acid (5) {@v1}
 y - a wand of paralysis (16)
Scrolls
 j - a scroll of fear
 q - 2 scrolls of immolation {@r4}
 t - 3 scrolls of enchant armour
 v - 3 scrolls of remove curse {@r2}
 z - a scroll of magic mapping {@r5}
 A - 5 scrolls of teleportation {@r3}
 C - a scroll of summoning
Potions
 d - 6 potions of might {@q3}
 f - 2 potions of invisibility {unknown}
 g - 2 potions of haste {@q4}
 l - 9 potions of curing {@q1}
 m - 4 potions of flight
 n - 7 potions of heal wounds {@q2}
 p - 3 potions of stabbing {@q5}
 w - a potion of mutation
 D - a potion of ambrosia
 F - a potion of lignification {@q7}
 L - a potion of magic {unknown}


   Skills:
 + Level 7.9 Fighting
 * Level 12.4 Axes
 + Level 9.5 Armour
 + Level 9.5 Shields
 * Level 11.8 Invocations


You had 11 spell levels left.
You didn't know any spells.
Your spell library contained the following spells:

 Spells                   Type           Power        Failure   Level
 Corona                   Hex            #......      100%        1
 Ensorcelled Hibernation  Hex/Ice        #.....       100%        2
 Confusing Touch          Hex            #.......     100%        3
 Dazzling Flash           Conj/Hex       #.....       100%        3
 Tukima's Dance           Hex            #.......     100%        3


Dungeon Overview and Level Annotations

Branches:
Dungeon (12/15)            Temple (1/1) D:6            Lair (0/6) D:9
    Orc (0/2) D:11         Depths (0/5) D:15          Sewer (visited)

Altars:
Ashenzari
Dithmenos
Elyvilon
Fedhas
Gozag
Hepliaklqana
Kikubaaqudgha
Nemelex Xobeh
Okawaru
Qazlal
Sif Muna
Trog
Uskayaw
Wu Jian
Xom
Yredelemnul
Zin
The Shining One

Shops:
D:9 (

Portals:
Trove: D:12 (give +7 demon whip)

Annotations:
D:4 2 transporters, vurker's ghost, weakling FoDe


Innate Abilities, Weirdness & Mutations

You are resistant to damage.
You can heal yourself by infusing magical energy.
You passively map the area around you.
You do not regenerate.
You have very sharp teeth.
You have a somewhat thin skeletal structure. (Dex +2, Stealth)
Your system is resistant to poisons. (rPois)
You evolve.


Message History

It is a scroll of enchant weapon.
Your +0 broad axe of venom glows red for a moment.
As you read the scroll of identify {@r1}, it crumbles to dust.
w - 2 potions of mutation
Okay, then.
Unknown command.
Really quaff the potion of mutation?
You feel extremely strange.
You feel resistant to poisons.
Your bones become slightly less dense.
Your teeth lengthen and sharpen.
You feel nature experimenting on you.
Don't worry, failures die fast.
Things that are here:
a +0 dagger; a +0 robe; a human corpse
Items here: ( ) ††.
You can no longer pass through a line of other dancers.
Found a stone staircase leading up.
A gargoyle comes into view. It is wielding a +0 mace.
A gargoyle is nearby!
A gargoyle is nearby!
The gargoyle hits you but does no damage.
You slice the gargoyle!!
The gargoyle is almost destroyed.
You block the gargoyle's attack.
You hit the gargoyle but do no damage.
The gargoyle is almost destroyed.
You block the gargoyle's attack.
You completely miss the gargoyle.
The gargoyle is almost destroyed.
You hit the gargoyle but do no damage.
The gargoyle is almost destroyed.
You block the gargoyle's attack.
You hit the gargoyle but do no damage.
You bite the gargoyle, but do no damage.
The gargoyle is almost destroyed.
The gargoyle hurls a stone arrow at you.
The stone arrow hits you!!
You barely miss the gargoyle.
You bite the gargoyle, but do no damage.
The gargoyle is almost destroyed.
You block the gargoyle's attack.
You slice the gargoyle!!
You destroy the gargoyle!
No target in view!
No target in view!
You now have 779 gold pieces (gained 18).
Found a scroll of random uselessness.
A fire giant comes into view.
It is wielding a +2 great sword of flaming.
The fire giant shouts!
The fire giant casts a spell at you.
The fireball explodes!
The fireball engulfs you!
You hear a shout! x3; You hear a screech!
You hear an angry buzzing noise.
You hear two shouts!
You hear an angry buzzing noise.
You hear a shout!
You hear an angry buzzing noise.
You hear two shouts!
You hear an angry buzzing noise.
No target in view!
A fire giant is nearby!
A fire giant is nearby!
A fire giant is nearby!
A fire giant is nearby!
A fire giant is nearby!
No reachable target in view!
No reachable target in view!
No reachable target in view!
No reachable target in view!
No reachable target in view!
No reachable target in view!
No reachable target in view!
No reachable target in view!
No reachable target in view!
No reachable target in view!
No reachable target in view!
No reachable target in view!
No reachable target in view!
No reachable target in view!
No reachable target in view!
No reachable target in view!
No reachable target in view!
No reachable target in view!
No reachable target in view!
No reachable target in view!
No reachable target in view!
No reachable target in view!
No reachable target in view!
No reachable target in view!
No reachable target in view!
No reachable target in view!
Okay, then.
The fire giant points at you and mumbles some strange words.
The bolt of fire hits you!
An ogre comes into view. It is wielding a +0 giant club.
The fire giant casts a spell at you. The bolt of fire hits you!!
The fire giant casts a spell at you.
The fireball explodes!
The fireball engulfs you!!
* * * LOW HITPOINT WARNING * * *
You hear two shouts!
You hear an angry buzzing noise.
Found 23 gold pieces and a runed war axe.
The fire giant casts a spell at you. The bolt of fire hits you!!
You die...

, * , ,, ..§§..... ,
............≈≈≈≈≈§§....,
, .............≈≈#§§....#
..........§§#§≈≈≈≈#.≈.# ,
..........≈≈≈≈≈.≈≈≈≈§.# *
*
...........≈§§...≈≈§§.##
,..........≈C≈§.>.§≈#≈..#
...........§§≈§..§≈§§...
.......@..≈§§§≈.≈§≈§≈O##
*,..........≈.#§§≈§§#.≈.#
*,
.............≈≈#§≈....#
............≈≈≈≈≈≈≈..## *
..........#.........## ≈
..........#####..#######
....$.....# #......... ,
=.........# #.........
.........# #...######


You could see a fire giant.

Vanquished Creatures
  Harold (D:11)
  A hydra (D:11)
  Erica (D:9)
  A two-headed ogre (D:9)
  The ghost of Graouh the Basher, a novice MiFi of Okawaru (D:6)
  A wizard (D:15)
  2 ugly things
  A deep elf mage (D:12)
  2 cyclopes
  A manticore (D:12)
  Joseph (D:9)
  Maggie (D:6)
  A gargoyle (D:15)
  2 centaur skeletons (D:12)
  4 kobold demonologists (D:11)
  A guardian mummy (D:12)
  2 trolls (D:11)
  Grinder (D:6)
  A wraith (D:11)
  5 yaks (D:9)
  A vampire (D:12)
  A basilisk (D:8)
  A steam dragon (D:11)
  Menkaure (D:4)
  A warg (D:11)
  2 water moccasins
  7 orc warriors
  A sky beast (D:8)
  A black bear (D:9)
  4 ice beasts
  A necrophage (D:5)
  2 phantoms
  7 ogres
  6 centaurs
  5 big kobolds
  9 bullfrogs
  Blork the orc (D:6)
  A gnoll sergeant (D:10)
  2 wyvern skeletons (D:6)
  6 scorpions
  14 killer bees
  11 wights
  5 howler monkeys
  A bullfrog zombie (D:11)
  A jelly (D:7)
  5 orc priests
  4 hounds
  2 bullfrog skeletons
  Jessica (D:3)
  5 iguanas
  9 orc wizards
  5 worker ants
  2 killer bee zombies
  A hound zombie (D:6)
  7 gnolls
  2 worker ant zombies
  14 adders
  8 river rats (Sewer)
  2 shadow imps
  2 ufetubi
  4 oozes
  An adder skeleton (D:4)
  2 leopard geckos
  44 orcs
  6 ball pythons
  A bat (D:2)
  5 giant cockroaches
  A goblin (D:3)
  2 hobgoblins
  11 jackals
  30 kobolds
  5 quokkas
  A ball python skeleton (D:5)
  3 frilled lizards
  A giant cockroach zombie (D:6)
  A jackal skeleton (D:9)
  23 rats
333 creatures vanquished.

Vanquished Creatures (others)
  36 plants
  5 toadstools (D:6)
41 creatures vanquished.

Grand Total: 374 creatures vanquished

Notes
Turn   | Place    | Note
-------+----------+-------------------------------------------
     0 | D:1      | EnegeticOcto the Deep Dwarf Fighter began the quest for the
                  | Orb.
     0 | D:1      | Reached XP level 1. HP: 20/20 MP: 1/1
   142 | D:2      | Reached XP level 2. HP: 22/27 MP: 2/2
   313 | D:3      | Found a sparkling altar of Nemelex Xobeh.
   339 | D:3      | Reached skill level 3 in Axes
   339 | D:3      | Reached XP level 3. HP: 34/34 MP: 3/3
   480 | D:3      | Noticed Jessica
   485 | D:3      | Killed Jessica
   485 | D:3      | Reached XP level 4. HP: 38/42 MP: 4/4
   512 | D:3      | Found a glowing drain.
   543 | Sewer    | Entered a sewer
   668 | Sewer    | Reached skill level 4 in Axes
   710 | Sewer    | Reached XP level 5. HP: 42/49 MP: 4/4
  1233 | D:4      | Found an opulent altar of Gozag.
  1236 | D:4      | Noticed a centaur
  1236 | D:4      | Noticed an ogre
  1244 | D:4      | Killed an ogre
  1244 | D:4      | Reached XP level 6. HP: 29/57 MP: 5/5
  1248 | D:4      | Reached skill level 5 in Axes
  1323 | D:4      | Reached XP level 7. HP: 61/64 MP: 6/6
  1491 | D:4      | Found a transporter.
  1496 | D:4      | Noticed vurker's ghost (weakling FoDe)
  1543 | D:4      | Found a transporter.
  1625 | D:4      | Noticed Menkaure
  1637 | D:4      | Killed Menkaure
  1637 | D:4      | Reached skill level 6 in Axes
  1637 | D:4      | Reached skill level 5 in Armour
  1637 | D:4      | Reached skill level 5 in Shields
  1646 | D:4      | Found an opulent altar of Gozag.
  1822 | D:5      | Entered Level 5 of the Dungeon
  1898 | D:5      | Found a shimmering blue altar of Sif Muna.
  2014 | D:5      | Found an ornate altar of the Wu Jian Council.
  2074 | D:5      | Reached XP level 8. HP: 31/73 MP: 6/6
  2088 | D:5      | Reached skill level 7 in Axes
  2399 | D:5      | Found a shadowy altar of Dithmenos.
  2585 | D:6      | Noticed Grinder
  2594 | D:6      | Killed Grinder
  2594 | D:6      | Reached skill level 5 in Fighting
  2667 | D:6      | Found a staircase to the Ecumenical Temple.
  2682 | Temple   | Entered the Ecumenical Temple
  2809 | Temple   | Became a worshipper of Uskayaw the Reveler
  2866 | D:6      | Reached * piety under Uskayaw
  2935 | D:6      | Reached skill level 1 in Invocations
  2944 | D:6      | Noticed Blork the orc
  2952 | D:6      | Reached ** piety under Uskayaw
  2954 | D:6      | Killed Blork the orc
  2988 | D:6      | Reached skill level 8 in Axes
  2988 | D:6      | Reached *** piety under Uskayaw
  2991 | D:6      | Reached **** piety under Uskayaw
  2997 | D:6      | Reached ***** piety under Uskayaw
  3107 | D:6      | Gained mutation: You passively map the area around you.
                  | [Deep Dwarf growth]
  3107 | D:6      | Reached XP level 9. HP: 49/81 MP: 9/9
  3164 | D:6      | Found a runed translucent door.
  3165 | D:6      | Noticed Graouh's ghost (novice MiFi)
  3421 | D:6      | Noticed Maggie
  3429 | D:6      | Paralysed by Maggie for 2 turns
  3445 | D:6      | Killed Maggie
  3625 | D:6      | Killed Graouh's ghost
  3625 | D:6      | Reached skill level 9 in Axes
  3625 | D:6      | Reached skill level 5 in Invocations
  4185 | D:7      | Reached XP level 10. HP: 48/91 MP: 9/9
  4258 | D:7      | Found a shadowy altar of Dithmenos.
  4682 | D:8      | Reached ****** piety under Uskayaw
  4702 | D:8      | Reached skill level 10 in Axes
  4798 | D:8      | Found an ancient bone altar of Kikubaaqudgha.
  5311 | D:8      | Found a white marble altar of Elyvilon.
  5424 | D:9      | Noticed a two-headed ogre
  5447 | D:9      | Killed a two-headed ogre
  5560 | D:9      | Found a staircase to the Lair.
  5616 | D:9      | Found a glowing silver altar of Zin.
  5619 | D:9      | Found a shadowy altar of Dithmenos.
  5621 | D:9      | Noticed Joseph
  5630 | D:9      | HP: 4/92 [acid (11)]
  5655 | D:9      | Killed Joseph
  5790 | D:9      | Found a stormy altar of Qazlal.
  5803 | D:9      | Found Foudev's Antique Weapon Emporium.
  5914 | D:9      | Noticed Erica
  5946 | D:9      | Killed Erica
  5946 | D:9      | Reached XP level 11. HP: 99/99 MP: 3/8
  6017 | D:9      | You fall into a shaft and drop 1 floor!
  6017 | D:10     | Entered Level 10 of the Dungeon
  6042 | D:10     | Reached skill level 11 in Axes
  6920 | D:11     | Found a glowing silver altar of Zin.
  7004 | D:11     | Noticed Harold
  7037 | D:11     | Killed Harold
  7037 | D:11     | Reached skill level 10 in Invocations
  7109 | D:11     | Noticed a red ugly thing
  7121 | D:11     | Killed a red ugly thing
  7158 | D:11     | Noticed a four-headed hydra
  7175 | D:11     | Killed a four-headed hydra
  7410 | D:11     | Noticed a soul eater
  7431 | D:11     | Noticed a sixfirhy
  7433 | D:11     | Noticed a soul eater
  7593 | D:11     | Found a staircase to the Orcish Mines.
  7682 | D:12     | Reached skill level 12 in Axes
  7705 | D:12     | Noticed a deep elf mage
  7721 | D:12     | Killed a deep elf mage
  7807 | D:12     | Reached XP level 12. HP: 59/110 MP: 3/3
  7894 | D:12     | Found a portal to a secret trove of treasure.
  8063 | D:12     | You fall into a shaft and drop 3 floors!
  8063 | D:15     | Entered Level 15 of the Dungeon
  8075 | D:15     | Gained mutation: Your system is resistant to poisons.
                  | (rPois) [potion of mutation]
  8075 | D:15     | Gained mutation: You have a somewhat thin skeletal
                  | structure. (Dex +2, Stealth) [potion of mutation]
  8075 | D:15     | Gained mutation: You have very sharp teeth. [potion of
                  | mutation]
  8075 | D:15     | Gained mutation: You evolve. [potion of mutation]
  8105 | D:15     | Found a staircase to the Depths.
  8105 | D:15     | Noticed a fire giant
  8123 | D:15     | Killed from afar by a fire giant

Illustrated notes

Levels and vault maps discovered:
D:1:      psy_arrival_terrarium, layout_rooms, minmay_misc_feat_hallway,
          hangedman_decor_clover_reticule
D:2:      layout_basic, old_standard_altar, uniq_terence
D:3:      layout_loops_ring, grunt_temple_overflow_lords_of_destruction,
          nemelex_xobeh_ov_fountains_minmay,
          nicolae_ru_great_annihilating_truth, portal_sewer_entry_d,
          minivault_5, serial_bayou_lake_a, uniq_jessica
D:4:      layout_rooms, kennysheep_mini_moat, gammafunk_ghost_stat_death,
          lemuel_tele_altar, uniq_menkaure
D:5:      minmay_angry_zag, layout_rooms, lemuel_blue_sif_altar,
          nicolae_overflow_crystal_walls, basic_altar,
          chequers_serial_rivers_micro_a, chequers_mini_garden
D:6:      layout_loops_corners, minmay_temple_entry_large_hall,
          ebering_ghost_sewer_d, grunt_decor_arrowhead,
          minmay_gold_behind_fungi, lexackson_kobold_supper, uniq_grinder,
          uniq_blork_the_orc, uniq_maggie
D:7:      layout_cave_pods, basic_altar
D:8:      wander_river, layout_layer_cave, kiku_gazebo_pond_becter,
          kennysheep_mini
D:9:      layout_basic, old_standard_altar, grunt_temple_overflow_open,
          dpeg_oklobed_lair, serial_shops, shop, uniq_joseph, uniq_erica
D:10:     layout_long_grid, minmay_sticks_and_stones
D:11:     layout_irregular_city, david_orc_3, basic_altar, uniq_harold
D:12:     minmay_evil_eye, layout_stronghold, nicolae_trove_entry_path_of_doom
D:15:     grunt_enter_depths_giant_problem, layout_long_grid, serial_shops,
          shop, shop_statue, chequers_serial_rivers_small_b, uniq_roxanne
Temple:   nicolae_temple_figure_zero

Skill      XL: |  1  2  3  4  5  6  7  8  9 10 11 |
---------------+----------------------------------+-----
Fighting       | 3 4 5 6 7 |  7.9
Axes           | 3 4 5 6 8 9 10 12 | 12.4
Shields        | 4 5 6 7 8 9 |  9.5
Armour         | 4 5 6 7 8 9 |  9.5
Invocations    | 3 6 9 11 | 11.8

Action                   |  1- 3 |  4- 6 |  7- 9 | 10-12 || total
-------------------------+-------+-------+-------+-------++-------
Melee: War axe           |    50 |   177 |   379 |   477 ||  1083
       Broad axe         |       |       |       |   107 ||   107
       Bite              |       |       |       |     2 ||     2
Invok: Stomp             |       |       |     7 |    27 ||    34
 Abil: Heal Wounds       |     1 |     5 |    19 |    47 ||    72
Evoke: Wand              |       |       |       |     4 ||     4
  Use: Scroll            |       |       |     8 |    13 ||    21
       Potion            |       |       |       |     1 ||     1
 Stab: Paralysed         |       |       |    11 |    36 ||    47
Armor: Scale mail        |    18 |   108 |   139 |       ||   265
       Plate armour      |       |       |     4 |   345 ||   349
Dodge: Dodged            |    22 |    79 |   105 |   142 ||   348
Block: Kite shield       |    15 |   125 |   205 |   425 ||   770

Table legend: (Time is in decaauts)
 A = Elapsed time spent in this place.
 B = Non-inter-level travel time spent in this place.
 C = Inter-level travel time spent in this place.
 D = Time resting spent in this place.
 E = Time spent auto-exploring this place.
 F = Levels seen in this place.
 G = Mean time per level.
                   A        B        C        D        E       F      G
               +--------+--------+--------+--------+--------+-----+--------+
         Total |   8342 |   8083 |    259 |      0 |   5730 |  15 |  556.1 |
       Dungeon |   7556 |   7328 |    228 |      0 |   5216 |  13 |  581.2 |
        Temple |    140 |    109 |     31 |      0 |    107 |   1 |  140.0 |
         Sewer |    645 |    645 |      0 |      0 |    407 |   1 |  645.0 |
               +--------+--------+--------+--------+--------+-----+--------+

Top non-repeatable levels by time:
     D:6: 1091 daAuts
     D:7: 985 daAuts
    D:11: 875 daAuts
     D:8: 776 daAuts
    D:10: 770 daAuts
     D:5: 669 daAuts
   Sewer: 645 daAuts
     D:9: 631 daAuts
     D:4: 631 daAuts
    D:12: 396 daAuts
     D:3: 367 daAuts
     D:2: 194 daAuts
  Temple: 140 daAuts
     D:1: 107 daAuts
    D:15: 60 daAuts
